 Dungeon Crawl Stone Soup version 0.22.1 (webtiles) character file.

861 Fang the Chopper (level 8, -4/50 HPs)
             Began as a Gargoyle Berserker on Sept 17, 2018.
             Was an Elder of Trog.
             Slain by Grinder (5 damage)
             ... while paralysed by Grinder
             ... on level 5 of the Dungeon.
             The game lasted 00:07:21 (4623 turns).

Fang the Chopper (Gargoyle Berserker)               Turns: 4623, Time: 00:07:21

Health: -4/50      AC:  7    Str: 23    XL:     8   Next: 2%
Magic:  8/8        EV:  2    Int:  8    God:    Trog [****..]
Gold:   234        SH:  0    Dex:  9    Spells: 7/7 levels left

rFire    . . .     SeeInvis .   a - +0 hand axe
rCold    . . .     Gourm    .   (no shield)
rNeg     + . .     Faith    .   b - +0 animal skin
rPois    ∞         Spirit   .   (no helmet)
rElec    +         Reflect  .   (no cloak)
rCorr    .         Harm     .   (no gloves)
MR       .....                  (no boots)
Stlth    ++........             (no amulet)
HPRegen  0.16/turn              (no ring)
MPRegen  0.11/turn              (no ring)

@: paralysed
A: negative energy resistance 1, electricity resistance, unbreathing,
petrification resistance, rot immunity, AC +5
a: Berserk, Trog's Hand, Brothers in Arms, Renounce Religion


You were on level 5 of the Dungeon.
You worshipped Trog.
Trog was greatly pleased with you.
You were not hungry.

You visited 2 branches of the dungeon, and saw 6 of its levels.

You collected 234 gold pieces.

Inventory:

Hand Weapons
 a - a +0 hand axe (weapon)
Armour
 b - a +0 animal skin (worn)
Jewellery
 t - an uncursed ring of poison resistance {unknown}
Wands
 m - a wand of acid (9)
 r - a wand of flame (39)
Scrolls
 d - 2 scrolls of teleportation {unknown}
 f - 7 scrolls of identify {unknown}
 i - 2 scrolls of fear {unknown}
 k - a scroll of amnesia {unknown}
 n - 2 scrolls of remove curse {unknown}
 o - a scroll of immolation {unknown}
 p - a scroll of fog {unknown}
Potions
 e - 2 potions of curing
 g - a potion of lignification
 h - 2 potions of haste {unknown}
 j - a potion of magic {unknown}
 l - a potion of heal wounds {unknown}
 q - a potion of mutation {unknown}
 s - a potion of flight {unknown}
Comestibles
 c - 11 rations


   Skills:
 + Level 5.4 Fighting
 + Level 6.4 Axes
 + Level 2.3 Armour
 + Level 3.3 Dodging
 + Level 2.6 Stealth


You had 7 spell levels left.
You didn't know any spells.
Your spell library was empty.

Dungeon Overview and Level Annotations

Branches:
Dungeon (5/15)             Temple (1/1) D:4

Altars:
Nemelex Xobeh

Shops:
D:5 !

Annotations:
D:5 1 runed door, Grinder


Innate Abilities, Weirdness & Mutations

You are resistant to torment.
Your stone body is resilient. (AC +5)
You are immune to poison.
You resist negative energy. (rN+)
You are resistant to electric shocks. (rElec)
You can survive without breathing.
You are immune to petrification.
You are immune to rotting.


Message History

You resist with some effort.
Grinder blinks!
You see here a scale mail.
There is a stone staircase leading down here.
Grinder blinks!
Grinder hits you.
You writhe in agony.
* * * LOW HITPOINT WARNING * * *
Grinder hits you but does no damage. Grinder hits you.
* * * LOW HITPOINT WARNING * * *
Grinder gestures at you.
You suddenly lose the ability to move!
Grinder gestures at you. Pain shoots through your body!
* * * LOW HITPOINT WARNING * * *
Grinder hits you.
* * * LOW HITPOINT WARNING * * *
Grinder hits you but does no damage. Grinder hits you.
You die...

#.###..... #.#.......
#.#.###... #########
#......... #..)....#
###.###.(# #.......# #.# #..#
#.......######.# #..# #
#...5..........# #... #
#...@...######## #.## .
#.......# ##.## # #>......#
##.#.# #
############.###########.###.
# #......5[....# #.......##
## #####.############
#.######.###. .............
#.# ##.#.# ...§..######. #.#
##.## ####### #.# ###


You could see Grinder.

Vanquished Creatures
  Sigmund (D:3)
  3 phantoms
  A howler monkey (D:5)
  A bullfrog skeleton (D:5)
  A hound (D:4)
  A centaur skeleton (D:4)
  3 iguanas
  A worker ant (D:5)
  Robin (D:2)
  3 adders
  4 gnolls (D:3)
  A shadow imp (D:5)
  2 oozes
  2 dart slugs
  2 leopard geckos
  6 orcs
  4 ball pythons
  7 giant cockroaches
  18 goblins
  15 hobgoblins
  5 jackals
  A quokka (D:4)
  10 bats
  5 frilled lizards
  A jackal skeleton (D:5)
  10 kobolds
  8 rats
117 creatures vanquished.

Notes
Turn   | Place    | Note
-------+----------+-------------------------------------------
     0 | D:1      | Fang the Gargoyle Berserker began the quest for the Orb.
     0 | D:1      | Reached XP level 1. HP: 14/14 MP: 1/1
    82 | D:1      | Reached XP level 2. HP: 15/19 MP: 2/2
   218 | D:1      | Reached skill level 3 in Axes
   328 | D:1      | Reached XP level 3. HP: 22/24 MP: 3/3
   334 | D:1      | Reached ** piety under Trog
   927 | D:2      | Reached XP level 4. HP: 29/29 MP: 4/4
   945 | D:2      | Noticed Robin
   960 | D:2      | Killed Robin
  1063 | D:2      | Found a sparkling altar of Nemelex Xobeh.
  1340 | D:3      | Reached skill level 4 in Axes
  1371 | D:3      | Noticed Sigmund
  1384 | D:3      | Killed Sigmund
  1384 | D:3      | Reached *** piety under Trog
  1384 | D:3      | Reached skill level 1 in Stealth
  1384 | D:3      | Reached XP level 5. HP: 33/34 MP: 5/5
  1384 | D:3      | Reached XP level 6. HP: 38/39 MP: 6/6
  2498 | D:4      | Reached skill level 5 in Axes
  2662 | D:4      | Noticed a phantom
  3011 | D:4      | Killed a phantom
  3011 | D:4      | Reached XP level 7. HP: 31/44 MP: 7/7
  3091 | D:4      | Found a staircase to the Ecumenical Temple.
  3120 | D:4      | Reached **** piety under Trog
  3659 | D:4      | Reached skill level 5 in Fighting
  4037 | Temple   | Entered the Ecumenical Temple
  4051 | D:5      | Entered Level 5 of the Dungeon
  4092 | D:5      | Reached skill level 6 in Axes
  4112 | D:5      | Found Yneumm's Distillery.
  4258 | D:5      | Found a runed door.
  4528 | D:5      | HP: 2/44 [phantom (6)]
  4588 | D:5      | Noticed Grinder
  4589 | D:5      | Reached XP level 8. HP: 17/50 MP: 8/8
  4618 | D:5      | Paralysed by Grinder for 7 turns
  4621 | D:5      | HP: 1/50 [Grinder (6)]
  4623 | D:5      | Slain by Grinder

Skill      XL: |  1  2  3  4  5  6  7 |
---------------+----------------------+-----
Axes           | 3 4 5 6 |  6.4
Fighting       | 4 5 |  5.4
Dodging        | 2 3 |  3.3
Stealth        | 1 2 |  2.6
Armour         | |  2.3

Action                   |  1- 3 |  4- 6 |  7- 9 || total
-------------------------+-------+-------+-------++-------
Melee: Hand axe          |   111 |   178 |   136 ||   425
Invok: Berserk           |       |     4 |     1 ||     5
  Use: Potion            |       |       |     2 ||     2
 Stab: Sleeping          |       |     1 |       ||     1
  Eat: Chunk             |       |     7 |     1 ||     8
       Ration            |       |     1 |     2 ||     3
Armor: Animal skin       |    45 |    47 |    41 ||   133
       Skin              |       |       |     7 ||     7
Dodge: Dodged            |    76 |   119 |    73 ||   268
